 Dungeon Crawl Stone Soup version 0.26-a0-639-g72c4674329 (webtiles) character file.

Game seed: 6464599225399985973

(classic levelgen) 149 EnegeticOcto the Covered (level 5, 26/49 HPs)
             Began as a Deep Dwarf Fighter on Sept 23, 2020.
             Quit the game on level 4 of the Dungeon.
             The game lasted 00:00:40 (748 turns).

EnegeticOcto the Covered (Deep Dwarf Fighter)        Turns: 748, Time: 00:00:41

Health: 26/49      AC: 11    Str: 21    XL:     5   Next: 9%
Magic:  5/5        EV:  4    Int:  8    God:
Gold:   98         SH:  9    Dex: 12    Spells: 4/4 levels left

rFire    + . .     SeeInvis .   a - +0 war axe
rCold    x . .     Faith    .   c - +0 kite shield
rNeg     . . .     Spirit   .   j - +0 plate armour
rPois    .         Reflect  .   (no helmet)
rElec    .         Harm     .   (no cloak)
rCorr    .         Rampage  .   (no gloves)
MR       .....                  (no boots)
Stlth    ..........             (no amulet)
HPRegen  0.00/turn              m - ring of fire
MPRegen  0.09/turn              (no ring)

@: non-regenerating
A: damage resistance, heal wounds, sense surroundings 1, no regeneration
a: Heal Wounds


You were on level 4 of the Dungeon.
You visited 1 branch of the dungeon, and saw 4 of its levels.

You collected 98 gold pieces.

Inventory:

Hand Weapons
 a - a +0 war axe (weapon)
Armour
 b - a +0 scale mail
 c - a +0 kite shield (worn)
 j - a +0 plate armour (worn)
Jewellery
 m - a ring of fire (left hand)
Scrolls
 h - 3 scrolls of identify {unknown}
 l - a scroll of teleportation {unknown}
 n - 2 scrolls of fog {unknown}
 q - a scroll of fear {unknown}
Potions
 d - a potion of might {@q3}
 e - 2 potions of resistance {unknown}
 f - a potion of brilliance {unknown}
 g - a potion of lignification {unknown}
 i - 3 potions of curing {unknown}
 k - 3 potions of haste {unknown}
 o - 2 potions of flight {unknown}
 p - a potion of ambrosia {unknown}


   Skills:
 + Level 3.3 Fighting
 * Level 4.0 Axes
 + Level 4.1 Armour
 + Level 4.0 Shields


You had 4 spell levels left.
You didn't know any spells.
Your spell library was empty.

Dungeon Overview and Level Annotations

Branches:
Dungeon (4/15)
 Temple: D:4-7

Altars:
Cheibriados


Innate Abilities, Weirdness & Mutations

You are resistant to damage.
You can heal yourself by infusing magical energy.
You passively map a small area around you.
You do not regenerate.


Message History

The phantom is lightly damaged.
You block the phantom's attack.
Your shield prevents you from hitting the phantom.
The phantom is lightly damaged.
A hound comes into view.
The phantom hits you but does no damage.
You block the hound's attack. The phantom barely misses you.
The hound bites you but does no damage.
You closely miss the phantom.
The phantom is lightly damaged.
You closely miss the hound. You block the hound's attack.
You block the phantom's attack. The hound bites you.
You barely miss the phantom.
The phantom is lightly damaged.
You closely miss the hound. You block the hound's attack.
The phantom hits you but does no damage.
You block the hound's attack.
The phantom hits you but does no damage.
You barely miss the phantom. You slash the hound! The hound barely misses you.
The phantom hits you but does no damage.
You hit the hound.
The hound is almost dead.
You hit the phantom. You block the hound's attack.
The hound bites you but does no damage. The phantom hits you.
The hound bites you.
You barely miss the hound.
The hound is almost dead.
You hit the hound. You closely miss the phantom. You block the hound's attack.
The hound bites you but does no damage. You block the phantom's attack.
The hound bites you. The hound bites you but does no damage.
The phantom hits you.
The phantom blinks!
You block the hound's attack.
You closely miss the hound.
The hound is severely wounded.
You hit the hound. You slash the dart slug! You block the hound's attack.
The hound bites you. You block the hound's attack.
The hound bites you but does no damage.
You closely miss the hound.
The hound is severely wounded.
You hit the dart slug.
You kill the dart slug!
You closely miss the hound. The hound bites you but does no damage.
You block the hound's attack.
The hound bites you but does no damage. x2
You slash the hound!
You kill the hound!
Your Armour skill increases to level 4!
You hit the hound. The hound bites you but does no damage. The hound bites you.
You closely miss the hound.
The hound is heavily wounded.
The hound barely misses you. You block the hound's attack.
You hit the hound but do no damage.
The hound is heavily wounded.
The hound bites you but does no damage. You block the hound's attack.
You closely miss the hound.
The hound is heavily wounded.
You block the hound's attack. The hound bites you but does no damage.
You hit the hound.
The hound is heavily wounded.
You hit the phantom. You block the hound's attack.
The phantom completely misses you. The hound bites you.
You hit the hound.
The hound is severely wounded.
You hit the phantom. You block the hound's attack. The phantom hits you!
The phantom blinks!
The hound bites you but does no damage.
You closely miss the hound.
The hound is severely wounded.
The hound barely misses you. You block the hound's attack.
You barely miss the hound.
The hound is severely wounded.
You block the hound's attack. x3
You barely miss the hound.
The hound is severely wounded.
The hound bites you but does no damage.
The phantom blinks!
The hound bites you.
You hit the hound.
The hound is almost dead.
You block the hound's attack. The hound bites you but does no damage.
You barely miss the hound.
The hound is almost dead.
You block the hound's attack. x2
You closely miss the hound.
The hound is almost dead.
You block the hound's attack. The hound bites you.
You barely miss the hound.
The hound is almost dead.
You block the hound's attack. The hound bites you but does no damage.
You miss the hound.
The hound is almost dead.
You hit the phantom but do no damage. The hound bites you but does no damage.
The phantom hits you but does no damage.
You block the hound's attack.
The phantom hits you but does no damage.
You hit the hound.
You kill the hound!
Your Axes skill increases to level 4!
Your Shields skill increases to level 4!
You have reached level 5!
Your shield prevents you from hitting the phantom.
The phantom blinks!
Unknown command.
Are you sure you want to abandon this character and quit the game? (Confirm with "yes".)

.....##>##..........##
............###..#...#
.....)....#.###....###
..<.......##....#..##
....###.........#...#
...##.##........#..##
..........##....#.###
..####...###........##
....#..#.# ##..#@....#
..)..... #.##.†...#
......... #. ......#
......##. ##.....###
......# , * !.....#
,** ......#* .#..W...,
......# *.##....... *
....... ..,.........*
.....#. * ,


You could see a phantom.

Vanquished Creatures
  2 hounds (D:4)
  A centaur skeleton (D:3)
  An ooze (D:3)
  An adder skeleton (D:4)
  A worm (D:3)
  A dart slug (D:4)
  A leopard gecko (D:1)
  8 orcs (D:3)
  3 goblins
  4 hobgoblins
  4 jackals (D:1)
  A kobold (D:1)
  3 ball pythons
  2 bats
  3 frilled lizards
  4 rats
40 creatures vanquished.

Notes
Turn   | Place    | Note
-------+----------+-------------------------------------------
     0 | D:1      | EnegeticOcto the Deep Dwarf Fighter began the quest for the
                  | Orb.
     0 | D:1      | Reached XP level 1. HP: 20/20 MP: 1/1
   215 | D:1      | Reached XP level 2. HP: 25/27 MP: 2/2
   331 | D:3      | Reached XP level 3. HP: 28/33 MP: 3/3
   364 | D:3      | Found a snail-covered altar of Cheibriados.
   430 | D:3      | Reached XP level 4. HP: 33/42 MP: 4/4
   720 | D:4      | Noticed a phantom
   747 | D:4      | Reached XP level 5. HP: 26/49 MP: 5/5
   748 | D:4      | Quit the game

Illustrated notes

Levels and vault maps discovered:
D:1:      dpeg_arrival_court, layout_basic
D:2:      layout_loops_corners, grunt_temple_overflow_open, nrook_mini_vaults
D:3:      layout_rooms, overflow_temple_1_default, uniq_ijyb
D:4:      layout_cave_pools, uniq_eustachio

Skill      XL: |  1  2  3  4 |
---------------+-------------+-----
Axes           | 3 4 |  4.0
Fighting       | 3 |  3.3
Armour         | 4 |  4.1
Shields        | 4 |  4.0

Action                   |  1- 3 |  4- 6 || total
-------------------------+-------+-------++-------
Melee: War axe           |    73 |    49 ||   122
Armor: Scale mail        |    20 |       ||    20
       Plate armour      |    21 |    33 ||    54
Dodge: Dodged            |    22 |    10 ||    32
Block: Kite shield       |    45 |    43 ||    88

Table legend: (Time is in decaauts)
 A = Elapsed time spent in this place.
 B = Non-inter-level travel time spent in this place.
 C = Inter-level travel time spent in this place.
 D = Time resting spent in this place.
 E = Time spent auto-exploring this place.
 F = Levels seen in this place.
 G = Mean time per level.
                   A        B        C        D        E       F      G
               +--------+--------+--------+--------+--------+-----+--------+
         Total |    798 |    781 |     17 |      0 |    512 |   4 |  199.5 |
       Dungeon |    798 |    781 |     17 |      0 |    512 |   4 |  199.5 |
               +--------+--------+--------+--------+--------+-----+--------+

Top non-repeatable levels by time:
     D:3: 288 daAuts
     D:1: 236 daAuts
     D:4: 221 daAuts
     D:2: 52 daAuts
